 Seeded DCSS version 0.30-a0-728-gc68057b (webtiles) character file.

Game seed: 1900090322094580285 (custom seed)

99927 Illumine the Warrior (level 15, -6/144 HPs)
             Began as a Minotaur Hexslinger on Jan 29, 2023.
             Was an Initiate of Gozag.
             Constricted to death by a shambling mangrove (16 damage)
             ... on level 1 of the Swamp on Jan 30, 2023.
             The game lasted 01:19:02 (30214 turns).

Illumine the Warrior (Minotaur Hexslinger)         Turns: 30214, Time: 01:19:03

Health: -6/144     AC: 20    Str: 19    XL:     15   Next: 79%
Magic:  17/17      EV:  8    Int: 22    God:    Gozag
Gold:   3805       SH: 18    Dex: 21    Spells: 11/18 levels left

rFire   . . .      SeeInvis .    b - +3 demon blade (elec)
rCold   . . .      Faith    .    M - +0 kite shield
rNeg    + . .      Spirit   .    P - +0 chain mail "Qiarogem" {+Blink rElec Str+3 Int+3}
rPois   +          Reflect  +    K - +0 hat {Int+3}
rElec   +          Harm     .    W - +2 cloak {rPois}
rCorr   .          Rampage  .    l - +0 pair of gloves
Will    +++..                    E - +0 pair of boots Stlth
                                 S - amulet of reflection
HPRegen 0.44/turn                L - ring "Puzeuxefy" {Contam rElec rPois Will+}
MPRegen 0.15/turn                e - ring "Uddis" {rN+ Will+ Int+6 Dex+4 Slay+3}

@: grasped by roots, gold aura, constricted
A: horns 2, retaliatory headbutt
a: Renounce Religion, Evoke Blink, Potion Petition, Call Merchant, Bribe Branch


You were on level 1 of the Swamp.
You worshipped Gozag.
Gozag was most pleased with you.
You visited 5 branches of the dungeon, and saw 24 of its levels.
You also visited: Sewer, Bailey and Ice Cave.

You collected 9365 gold pieces.
You spent 4140 gold pieces at shops.
You paid 1420 gold pieces to Gozag.

Inventory:

Hand Weapons
 a - a +2 hand crossbow of freezing
 b - a +3 demon blade of electrocution (weapon)
 p - a +2 long sword of flaming
Armour
 l - a +0 pair of gloves (worn)
 E - a +0 pair of boots (worn)
 K - a +0 hat of intelligence (worn)
 M - a +0 kite shield (worn)
 P - the +0 chain mail "Qiarogem" (worn) {+Blink rElec Str+3 Int+3}
   (You found it on level 1 of the Swamp)

   Str:       It affects your strength (+3).
   Int:       It affects your intelligence (+3).
   rElec:     It insulates you from electricity.
   +Blink:    It lets you blink.
 W - a +2 cloak of poison resistance (worn)
Jewellery
 e - the ring "Uddis" (right hand) {rN+ Will+ Int+6 Dex+4 Slay+3}
   (You bought it in a shop on level 13 of the Dungeon)

   [ring of intelligence]

   Int:       It affects your intelligence (+6).
   Dex:       It affects your dexterity (+4).
   Slay:      It affects your accuracy & damage with ranged weapons and melee
   (+3).
   rN:        It protects you from negative energy.
   Will:      It increases your willpower.
 w - the ring of Mirth {rF+ Str+6 Int+2 Dex+3}
   (You acquired it on level 3 of the Dungeon)

   [ring of strength]

   Str:       It affects your strength (+6).
   Int:       It affects your intelligence (+2).
   Dex:       It affects your dexterity (+3).
   rF:        It protects you from fire.
 x - a ring of protection from cold
 C - a ring of willpower
 F - a ring of resist corrosion
 L - the ring "Puzeuxefy" (left hand) {Contam rElec rPois Will+}
   (You bought it in a shop on level 13 of the Dungeon)

   [ring of willpower]

   rElec:     It insulates you from electricity.
   rPois:     It protects you from poison.
   Contam:    It causes magical contamination when unequipped.
   Will:      It increases your willpower.
 S - an amulet of reflection (around neck)
 U - the ring of Xuankeux {Fire rElec Will++ Str-4 Slay+3}
   (You took it off a crimson imp on level 8 of the Dungeon)

   [ring of fire]

   It enhances your fire magic.
   Str:       It affects your strength (-4).
   Slay:      It affects your accuracy & damage with ranged weapons and melee
   (+3).
   rF:        It protects you from fire.
   rC:        It makes you vulnerable to cold.
   rElec:     It insulates you from electricity.
   Will:      It greatly increases your willpower.
Wands
 c - a wand of polymorph (6)
 h - a wand of mindburst (9)
 o - a wand of roots (18)
 Q - a wand of paralysis (23)
 V - a wand of light (13)
 Y - a wand of flame (39)
Scrolls
 f - 6 scrolls of butterflies
 g - 3 scrolls of silence
 i - 4 scrolls of fog
 j - a scroll of blinking
 n - 5 scrolls of magic mapping
 s - 3 scrolls of vulnerability
 u - 6 scrolls of identify
 v - 8 scrolls of teleportation
 y - 2 scrolls of torment
Potions
 d - 9 potions of heal wounds
 m - 7 potions of mutation
 q - 4 potions of haste
 r - 2 potions of lignification {unknown}
 z - 4 potions of might {unknown}
 A - 7 potions of attraction
 D - a potion of experience {unknown}
 G - 3 potions of brilliance {unknown}
 H - 5 potions of flight {unknown}
 I - 8 potions of curing
 J - 2 potions of magic {unknown}
 N - 4 potions of resistance {unknown}
 R - 5 potions of invisibility
 X - 2 potions of cancellation
 Z - 3 potions of berserk rage
Miscellaneous
 k - a tin of tremorstones (2/2)
 t - a condenser vane
 O - a phantom mirror


   Skills:
 + Level 16.2 Fighting
 - Level 14.0 Long Blades
 + Level 12.3 Ranged Weapons
 + Level 15.8 Armour
 - Level 7.2 Dodging
 - Level 12.0 Shields
 - Level 2.0 Spellcasting
 - Level 2.0 Hexes
 - Level 2.0 Translocations
 - Level 2.0 Transmutations
 - Level 7.1 Evocations


You had 11 spell levels left.
You knew the following spells:

 Your Spells              Type           Power      Damage    Failure   Level
a - Slow                  Hex            44%        N/A       56%         1
b - Portal Projectile     Hex/Tloc       22%        N/A       90%         3
c - Wereblood             Tmut           11%        N/A       71%         2
d - Apportation           Tloc           22%        N/A       56%         1

Your spell library contained the following spells:

 Spells                   Type           Power      Damage    Failure   Level
 Beastly Appendage        Tmut           22%        N/A       56%         1
 Blink                    Tloc           22%        N/A       71%         2
 Lesser Beckoning         Tloc           22%        N/A       71%         2
 Necrotise                Necr           8%         1d4       83%         1
 Sandblast                Erth           4%         2d4       83%         1
 Summon Small Mammal      Summ           8%         N/A       83%         1
 Ensorcelled Hibernation  Hex/Ice        12%        N/A       83%         2
 Momentum Strike          Conj/Tloc      12%        3d8       83%         2
 Passwall                 Tmut/Erth      5%         N/A       83%         2
 Gell's Gravitas          Tloc           11%        N/A       90%         3
 Teleport Other           Tloc           11%        N/A       90%         3
 Tukima's Dance           Hex            11%        N/A       90%         3
 Cigotuvi's Dreadful Rot  Necr/Pois/Air  4%         N/A       93%         2
 Static Discharge         Conj/Air       4%         2-3/arc   93%         2
 Sublimation of Blood     Necr           2%         N/A       93%         2
 Dazzling Flash           Conj/Hex       12%        N/A       97%         3
 Inner Flame              Hex/Fire       6%         N/A       97%         3
 Spider Form              Tmut/Pois      6%         N/A       97%         3
 Vhi's Electric Charge    Tloc/Air       12%        N/A       97%         3
 Hailstorm                Conj/Ice       2%         3d3       99%         3
 Stone Arrow              Conj/Erth      4%         3d7       99%         3
 Swiftness                Air            2%         N/A       99%         3
 Airstrike                Air            1%         2d(1-17)  100%        4
 Cause Fear               Hex            5%         N/A       100%        4
 Ice Form                 Ice/Tmut       6%         N/A       100%        4
 Passage of Golubria      Tloc           11%        N/A       100%        4
 Petrify                  Tmut/Erth      6%         N/A       100%        4
 Summon Lightning Spire   Summ/Air       2%         N/A       100%        4
 Agony                    Necr           2%         N/A       100%        5
 Alistair's Intoxication  Tmut/Pois      4%         N/A       100%        5
 Arcjolt                  Conj/Air       1%         1d11      100%        5
 Borgnjor's Vile Clutch   Necr/Erth      1%         N/A       100%        5
 Irradiate                Conj/Tmut      3%         3d12      100%        5
 Lightning Bolt           Conj/Air       1%         1d12      100%        5
 Silence                  Hex/Air        3%         N/A       100%        5
 Yara's Violent Unravell  Hex/Tmut       5%         3d4       100%        5
 Conjure Ball Lightning   Conj/Air       1%         3x3d6     100%        6
 Death Channel            Necr           1%         N/A       100%        6
 Dispersal                Tloc           5%         N/A       100%        6
 Discord                  Hex            5%         N/A       100%        8
 Animate Dead             Necr           Unusable   N/A       N/A         4
 Simulacrum               Ice/Necr       Unusable   N/A       N/A         6

Dungeon Overview and Level Annotations

Branches:
Dungeon (15/15)            Temple (1/1) D:6            Lair (5/5) D:8
  Swamp (1/4) Lair:2        Snake (0/4) Lair:3        Slime (0/5) Lair:5
    Orc (2/2) D:9             Elf (0/3) Orc:2        Vaults (0/5) D:14
  Sewer (visited)          Bailey (visited)           IceCv (visited)
 Depths: D:15

Altars:
Ashenzari
Cheibriados
Dithmenos
Elyvilon
Fedhas
Gozag
Hepliaklqana
Kikubaaqudgha
Makhleb
Nemelex Xobeh
Okawaru
Qazlal
Ru
Sif Muna
Trog
Uskayaw
Vehumet
Wu Jian
Xom
Yredelemnul
Zin
The Shining One

Shops:
D:7 !   D:9 =   D:11 !   D:13 =   Orc:1 (   Orc:2 :=!**

Annotations:
D:10 1 runed translucent door
D:13 Rupert
D:15 Agnes


Innate Abilities, Weirdness & Mutations

You have a pair of horns on your head.
You reflexively headbutt those who attack you in melee.


Message History

Aim: a shambling mangrove (moderately damaged, 91% to hit)
You shoot a bolt. The bolt hits the shambling mangrove.
The bolt freezes the shambling mangrove.
The shambling mangrove is moderately damaged.
The shambling mangrove is distracted by your dazzling golden aura.
The grasping roots constrict you.
Fire: a) +2 hand crossbow (freeze)
Press: ? - help, Q - select action, (/) - cycle Shift-Dir - straight line, f/p - shambling mangrove
Aim: a shambling mangrove (moderately damaged, unaware, hasn't noticed you, 91% to hit)
You shoot a bolt. The bolt hits the shambling mangrove!
The bolt freezes the shambling mangrove.
The shambling mangrove is no longer distracted by gold.
The shambling mangrove is heavily damaged.
The grasping roots constrict you!!
Fire: a) +2 hand crossbow (freeze)
Press: ? - help, Q - select action, (/) - cycle Shift-Dir - straight line, f/p - shambling mangrove
Aim: a shambling mangrove (heavily damaged, 91% to hit)
You shoot a bolt.
The bolt hits the shambling mangrove but does no damage.
The shambling mangrove is heavily damaged.
The grasping roots constrict you. The shambling mangrove hits you!!
The grasping roots constrict you.
Your +2 hand crossbow of freezing stops glowing.
You hear the crackle of electricity.
b - a +3 demon blade of electrocution (weapon)
You hit the shambling mangrove but do no damage.
You headbutt the shambling mangrove!
The shambling mangrove is heavily damaged.
You block the shambling mangrove's attack.
The grasping roots constrict you!
* * * LOW HITPOINT WARNING * * *
You hit the shambling mangrove but do no damage.
The shambling mangrove is heavily damaged.
You hit the shambling mangrove but do no damage.
The shambling mangrove is heavily damaged.
The shambling mangrove hits you!!
* * * LOW HITPOINT WARNING * * *
The grasping roots constrict you!
You die...
Your body crumbles into a pile of gold.

..≈≈≈≈≈≈.~~~♣♣♣♣~...♣~..
.≈≈≈≈≈≈≈...♣♣ ♣♣...~♣~.
♣..≈≈≈≈≈..♣♣♣♣♣♣♣~.♣~♣♣~
....≈≈≈.♣♣♣♣~~~♣♣♣♣~.~♣♣
~~♣♣...♣♣ ♣~~~.♣♣~.~♣♣
~.♣~♣~..♣♣♣♣.~....♣♣♣♣
~......♣.......~~.~~~~♣
♣..~...♣.~..♣♣.~~.~~~.♣
..~...f@♣♣♣♣♣♣♣♣~♣♣..~♣
♣.♣.♣♣~~.♣ ♣♣♣ ♣♣♣♣
♣~.♣♣ ...♣ ♣♣.♣♣ ♣♣


You could see a shambling mangrove.

Vanquished Creatures
  Gastronok (D:12)
  A frost giant (IceCv)
  A quicksilver ooze (Lair:5)
  An eleionoma (Swamp:1)
  Snorg (D:12)
  Josephine (D:12)
  Fannar (D:10)
  3 hydras
  5 centaur warriors
  2 alligators (Swamp:1)
  4 boulder beetles
  3 two-headed ogres
  6 death yaks (IceCv)
  Nergalle (D:12)
  Sonja (D:12)
  10 skeletal warriors
  Amaemon (Lair:1)
  A glowing orange brain (D:13)
  2 orc knights
  13 orc sorcerers (Orc:2)
  2 deep elf pyromancers
  8 cyclopes
  3 manticores
  The ghost of Gunk the Conjurer, a novice FeRe of Nemelex Xobeh (D:8)
  2 ugly things
  A moth of wrath (D:8)
  Maurice (D:8)
  An ice statue (IceCv)
  10 elephants
  Joseph (D:8)
  A black mamba (Lair:3)
  4 gargoyles
  3 demonic crawlers (D:13)
  26 cane toads
  An orange demon (Lair:1)
  Maggie (D:10)
  A yaktaur (D:13)
  6 komodo dragons
  The ghost of malesh the Cutter, a novice DECK of Xom (D:5)
  8 rime drakes
  2 trolls (D:13)
  A bloated husk (Swamp:1)
  6 polar bears
  5 tyrant leeches
  13 blink frogs
  5 hornets
  17 dream sheep (Lair:5)
  9 slime creatures
  6 wraiths
  A spriggan (Swamp:1)
  Sigmund (D:4)
  A shadow (D:8)
  56 yaks
  4 vampires
  3 wyverns
  5 basilisks
  14 humans
  12 vampire mosquitoes
  A steam dragon (D:9)
  6 wargs (Orc:2)
  Grum (D:10)
  4 swamp worms
  4 nagas
  An acid dragon (D:13)
  21 water moccasins
  Duvessa (D:4)
  A floating eye (D:13)
  Pargi (Sewer)
  14 orc warriors
  A sky beast (D:6)
  A swamp drake (Swamp:1)
  4 black bears
  4 ice beasts
  2 ogres
  27 wolves
  A phantom (D:6)
  12 centaurs
  3 kobold brigands
  15 bullfrogs
  A necrophage (D:5)
  3 gnoll sergeants
  2 two-headed ogre simulacra (Orc:2)
  A scorpion (D:7)
  A cane toad simulacrum (Orc:2)
  3 small abominations (D:13)
  8 wights (D:9)
  Dowan (D:4)
  9 killer bees (D:9)
  An elephant simulacrum (Orc:2)
  9 vampire bats (Bailey)
  6 wolf zombies (Bailey)
  7 howler monkeys
  An electric eel (Lair:5)
  7 crimson imps (D:8)
  7 hounds
  9 jellies (Lair:5)
  14 orc priests
  A gnoll bouda (D:8)
  6 iguanas
  31 orc wizards
  3 spriggan simulacra (Orc:2)
  A wolf simulacrum (Orc:2)
  Robin (D:4)
  25 gnolls
  6 adders
  2 shadow imps
  2 white imps
  3 ufetubi
  2 worms
  5 dart slugs
  76 orcs
  8 ball pythons
  2 bats
  4 endoplasms
  4 giant cockroaches
  18 goblins
  7 hobgoblins
  6 jackals
  17 kobolds
  3 quokkas
  4 frilled lizards
  20 orc zombies (Bailey)
  9 rats
  A butterfly (Lair:2)
784 creatures vanquished.

Vanquished Creatures (others)
  A wizard (D:9)
  A deep elf pyromancer (D:13)
  An orc (Orc:2)
  70 fungi
  98 plants
  2 withered plants (D:5)
173 creatures vanquished.

Grand Total: 957 creatures vanquished

Notes
Turn   | Place    | Note
-------+----------+-------------------------------------------
     0 | D:1      | Illumine the Minotaur Hexslinger began the quest for the
                  | Orb.
     0 | D:1      | Reached XP level 1. HP: 16/16 MP: 1/1
   231 | D:1      | Reached XP level 2. HP: 18/24 MP: 2/2
   750 | D:1      | Reached skill level 2 in Fighting
   978 | D:2      | Reached XP level 3. HP: 29/29 MP: 3/3
  1027 | D:2      | Learned a level 3 spell: Portal Projectile
  1413 | D:2      | Reached XP level 4. HP: 37/37 MP: 2/4
  1602 | D:3      | Found a glowing drain.
  1621 | D:3      | Identified 3 scrolls of acquirement
  1621 | D:3      | Acquired a +1 demon blade of electrocution
  1622 | D:3      | Acquired the ring of Mirth {rF+ Str+6 Int+2 Dex+3}
  1623 | D:3      | Acquired 916 gold pieces
  1635 | Sewer    | Entered a sewer
  1746 | Sewer    | Noticed Pargi
  1751 | Sewer    | Killed Pargi
  1752 | Sewer    | Reached skill level 3 in Fighting
  1752 | Sewer    | Reached skill level 1 in Long Blades
  1752 | Sewer    | Reached skill level 1 in Translocations
  1752 | Sewer    | Reached XP level 5. HP: 40/45 MP: 5/5
  2099 | D:3      | Found a shimmering altar of Xom.
  2129 | D:3      | Found a faded altar of an unknown god.
  2207 | D:3      | Learned a level 2 spell: Wereblood
  2410 | D:3      | Found a hide-covered altar of Uskayaw.
  2596 | D:4      | Noticed Robin
  2597 | D:4      | Noticed Duvessa
  2675 | D:4      | Reached XP level 6. HP: 32/51 MP: 6/6
  2837 | D:4      | Noticed Sigmund
  2944 | D:4      | Killed Robin
  2961 | D:4      | Noticed Dowan
  3311 | D:4      | Killed Sigmund
  3312 | D:4      | Reached skill level 1 in Armour
  3312 | D:4      | Reached skill level 1 in Transmutations
  3351 | D:5      | Entered Level 5 of the Dungeon
  3361 | D:5      | Reached XP level 7. HP: 49/58 MP: 7/7
  3431 | D:5      | Reached skill level 4 in Fighting
  3466 | D:5      | Found a sacrificial altar of Ru.
  3802 | D:5      | Found a basalt altar of Yredelemnul.
  3956 | D:5      | Found a runed translucent door.
  3956 | D:5      | Noticed malesh's ghost (novice DECK)
  3995 | D:5      | Found a radiant altar of Vehumet.
  4334 | D:6      | Reached skill level 5 in Long Blades
  4579 | D:6      | Reached skill level 5 in Fighting
  4579 | D:6      | Reached XP level 8. HP: 62/68 MP: 8/8
  4944 | D:6      | Found a staircase to the Ecumenical Temple.
  4954 | Temple   | Entered the Ecumenical Temple
  5036 | Temple   | Became a worshipper of Gozag Ym Sagoz the Greedy
  5166 | D:7      | Found a broken altar of Ashenzari.
  5650 | D:7      | Found an iron altar of Okawaru.
  5758 | D:7      | Learned a level 1 spell: Apportation
  5934 | D:7      | Reached skill level 6 in Fighting
  5981 | D:7      | Found Coawis's Distillery.
  5986 | D:7      | Bought a potion of heal wounds for 65 gold pieces
  5986 | D:7      | Bought a potion of curing for 39 gold pieces
  6059 | D:7      | Reached skill level 5 in Armour
  6411 | D:7      | Found a white marble altar of Elyvilon.
  6468 | D:8      | Noticed Maurice
  6471 | D:8      | Noticed a hornet
  6650 | D:8      | Noticed Joseph
  6960 | D:4      | Reached XP level 9. HP: 78/78 MP: 10/10
  7174 | D:4      | Killed Dowan
  7259 | D:4      | Killed Duvessa
  7618 | D:8      | Found a glowing silver altar of Zin.
  7684 | D:9      | Found a staircase to the Orcish Mines.
  7790 | D:9      | Reached skill level 7 in Fighting
  7925 | D:9      | Found a blossoming altar of Fedhas.
  8009 | D:9      | Reached skill level 10 in Long Blades
  8119 | D:9      | Found a snail-covered altar of Cheibriados.
  8156 | D:9      | Found Renexko's Jewellery Emporium.
  8164 | D:9      | Bought an amulet of reflection for 330 gold pieces
  8164 | D:9      | Bought a +4 ring of slaying for 858 gold pieces
  8198 | D:9      | Identified the +8 quarterstaff "Repp" {heavy, +Blink rN+
                  | Str-4}
  8206 | D:9      | Found a flagged portal.
  8227 | D:9      | Reached skill level 8 in Fighting
  8231 | Bailey   | Entered a bailey
  8289 | Bailey   | Noticed a gargoyle
  8300 | Bailey   | Killed a gargoyle
  8301 | Bailey   | Reached XP level 10. HP: 69/88 MP: 12/12
  8856 | D:9      | Found a stormy altar of Qazlal.
  9076 | D:9      | Found a bloodstained altar of Trog.
  9503 | D:9      | Reached skill level 9 in Fighting
  9662 | D:9      | Found a glowing golden altar of the Shining One.
  9758 | D:9      | Noticed a wizard
  9764 | D:9      | Killed a wizard
  9799 | D:10     | Entered Level 10 of the Dungeon
  9989 | D:10     | Noticed Grum
  9997 | D:10     | Killed Grum
 10032 | D:10     | Noticed a gargoyle
 10040 | D:10     | Killed a gargoyle
 10258 | D:10     | Noticed a cyclops
 10264 | D:10     | Killed a cyclops
 10305 | D:10     | Reached XP level 11. HP: 78/99 MP: 13/13
 10496 | D:10     | Found a burning altar of Makhleb.
 10626 | D:10     | Noticed Maggie
 10626 | D:10     | Noticed Fannar
 10626 | D:10     | Noticed a two-headed ogre
 10639 | D:11     | Noticed a boulder beetle
 10644 | D:11     | Found Ceunij's Distillery.
 10658 | D:11     | Killed a boulder beetle
 10659 | D:11     | Reached skill level 10 in Fighting
 10772 | D:11     | Bought a potion of invisibility for 112 gold pieces
 10798 | D:11     | Noticed a skeletal warrior
 10816 | D:11     | Killed a skeletal warrior
 10843 | D:11     | Noticed a skeletal warrior
 10847 | D:11     | Killed a skeletal warrior
 11253 | D:11     | Noticed a skeletal warrior
 11267 | D:11     | Killed a skeletal warrior
 11268 | D:11     | Reached skill level 10 in Armour
 11440 | D:11     | Noticed a two-headed ogre
 11449 | D:11     | Killed a two-headed ogre
 11450 | D:11     | Reached skill level 1 in Evocations
 11977 | D:8      | Reached skill level 11 in Fighting
 11988 | D:8      | Reached skill level 5 in Ranged Weapons
 12008 | D:8      | Found a staircase to the Lair.
 12011 | D:8      | Killed Maurice
 12060 | D:8      | Found a transporter.
 12068 | D:8      | Identified the ring of Xuankeux {Fire rElec Will++ Str-4
                  | Slay+3}
 12139 | D:8      | Found a transporter.
 12149 | D:8      | Noticed Gunk's ghost (novice FeRe)
 12256 | D:8      | Found a shimmering blue altar of Sif Muna.
 12354 | D:8      | Killed Joseph
 12572 | D:5      | Killed malesh's ghost
 12744 | Lair:1   | Entered Level 1 of the Lair of Beasts
 12779 | Lair:1   | Reached XP level 12. HP: 96/110 MP: 14/14
 12889 | Lair:1   | Reached skill level 5 in Dodging
 13707 | Lair:1   | Noticed Amaemon
 14310 | Lair:2   | Reached skill level 12 in Fighting
 14838 | Lair:2   | Reached skill level 1 in Shields
 14977 | Lair:2   | Found a staircase to the Swamp.
 15573 | Lair:3   | Found a staircase to the Snake Pit.
 15676 | Lair:3   | Reached skill level 5 in Evocations
 16579 | Lair:4   | Reached skill level 5 in Shields
 16626 | Lair:4   | Reached XP level 13. HP: 119/119 MP: 15/15
 17020 | Lair:4   | Found a broken altar of Ashenzari.
 17430 | Lair:5   | Entered Level 5 of the Lair of Beasts
 17735 | Lair:5   | Reached skill level 13 in Fighting
 18054 | D:10     | Killed Fannar
 18058 | D:10     | Killed Maggie
 18114 | D:10     | Found a runed translucent door.
 18451 | D:8      | Killed Gunk's ghost
 18519 | Orc:1    | Entered Level 1 of the Orcish Mines
 18644 | Orc:1    | Found Ewusujie's Weapon Shop.
 18867 | Orc:2    | Entered Level 2 of the Orcish Mines
 18947 | Orc:2    | Found Obesych's Distillery.
 18947 | Orc:2    | Found Kagef's General Store.
 18948 | Orc:2    | Paralysed by an orc sorcerer for 5 turns
 18999 | Orc:2    | Bought a potion of curing for 45 gold pieces
 18999 | Orc:2    | Bought a potion of heal wounds for 75 gold pieces
 18999 | Orc:2    | Bought 2 potions of attraction for 90 gold pieces
 18999 | Orc:2    | Bought a potion of heal wounds for 75 gold pieces
 18999 | Orc:2    | Bought a potion of cancellation for 120 gold pieces
 18999 | Orc:2    | Bought a potion of curing for 45 gold pieces
 19010 | Orc:2    | Bought a potion of degeneration for 10 gold pieces
 19140 | Orc:2    | Found Jidoulin's General Store.
 19144 | Orc:2    | Found Kocoick's Specific Store.
 19169 | Orc:2    | Bought a scroll of enchant armour for 105 gold pieces
 19333 | Orc:2    | Found a staircase to the Elven Halls.
 19444 | Orc:2    | Found a frozen archway.
 19470 | IceCv    | Entered an ice cave
 19561 | IceCv    | Reached XP level 14. HP: 108/129 MP: 7/16
 20136 | IceCv    | Noticed a frost giant
 20162 | IceCv    | Killed a frost giant
 20871 | Orc:2    | Found Iptil's Jewellery Boutique.
 20901 | Orc:2    | Bought a +6 ring of dexterity for 612 gold pieces
 20912 | Orc:2    | Found Iwypik's Book Shoppe.
 20919 | Orc:2    | Reached skill level 14 in Fighting
 21156 | Orc:2    | Reached skill level 10 in Shields
 22563 | Lair:5   | Reached skill level 10 in Ranged Weapons
 22811 | Lair:5   | Noticed a quicksilver ooze
 22829 | Lair:5   | Killed a quicksilver ooze
 23298 | Lair:5   | Found a staircase to the Slime Pits.
 23828 | D:12     | Noticed Nergalle
 23850 | D:12     | Killed Nergalle
 24054 | D:12     | Noticed Josephine
 24063 | D:12     | Killed Josephine
 24405 | D:12     | Reached XP level 15. HP: 139/139 MP: 17/17
 24499 | D:12     | Noticed Gastronok
 24508 | D:12     | Killed Gastronok
 24686 | D:12     | Noticed Snorg
 24704 | D:12     | Killed Snorg
 25014 | D:12     | Noticed Sonja
 25024 | D:12     | Killed Sonja
 25025 | D:12     | Reached skill level 15 in Fighting
 25419 | D:13     | Found Wereot's One-of-a-Kind Rings.
 25428 | D:13     | Bought the ring "Puzeuxefy" {Contam rElec rPois Will+} for
                  | 526 gold pieces
 25428 | D:13     | Bought the ring "Uddis" {rN+ Will+ Int+6 Dex+4 Slay+3} for
                  | 1033 gold pieces
 26219 | D:13     | Got the Grimoire of the Catamount
 26566 | Lair:1   | Killed Amaemon
 26567 | Lair:1   | Reached skill level 15 in Armour
 28148 | D:14     | Noticed Rupert
 28148 | D:14     | Found a gate to the Vaults.
 29506 | D:15     | Entered Level 15 of the Dungeon
 29533 | D:15     | Noticed Agnes
 29723 | Swamp:1  | Entered Level 1 of the Swamp
 29733 | Swamp:1  | Reached skill level 16 in Fighting
 30021 | Swamp:1  | Identified the +0 chain mail "Qiarogem" {+Blink rElec Str+3
                  | Int+3}
 30214 | Swamp:1  | Constricted to death by a shambling mangrove

Illustrated notes

Levels and vault maps discovered:
D:1:      nzn_arrival_settlement, layout_basic, serial_glass, glass_columns_a,
          glass_columns_a
D:2:      layout_rooms
D:3:      layout_loops_ring, mainiacjoe_overflow_alcove_2,
          mainiacjoe_overflow_surrounded_room, portal_sewer_entry_a,
          ebering_ecumenical_altar_box
D:4:      layout_cave_pods, grunt_ministairs_3, patterned_corridor,
          uniq_sigmund, uniq_duvessa, uniq_robin
D:5:      layout_basic, mainiacjoe_overflow_alcove_1,
          mainiacjoe_overflow_catwalk, nicolae_vehumet_radiance,
          gammafunk_ghost_grave
D:6:      layout_rooms, temple_statues, serial_corexii_hall,
          chequers_hall_statues_y, corexii_hall_statues_l,
          corexii_hall_statues_t, corexii_hall_statues_l
D:7:      layout_loops_corners, lemuel_coloured_pillars_altar,
          mainiacjoe_overflow_big_doors, serial_shops, kennysheep_little_box
D:8:      layout_rooms, mainiacjoe_overflow_paths, overflow_temple_1_default,
          lair_entry_dummy, gammafunk_ghost_berserking_beasts, minmay_nine_imps,
          uniq_maurice, uniq_joseph
D:9:      layout_irregular_city, trog_wizard, marbit_many_paths, fedhas_altar_4,
          mainiacjoe_overflow_catch_the_wave, enter_bailey_5,
          minmay_shop_enchanted_jewellery
D:10:     layout_loops_ring, overflow_temple_1_default, minivault_13, uniq_grum,
          uniq_maggie, uniq_fannar
D:11:     layout_basic, serial_shops, nicolae_diamond_shop
D:12:     layout_stronghold, uniq_sonja, uniq_josephine, uniq_gastronok,
          uniq_nergalle, uniq_snorg
D:13:     cheibrodos_hippocracy, layout_stronghold, nicolae_shop_unique_rings
D:14:     layout_rooms, david_vaults_3, hangedman_decor_clover_reticule,
          serial_curves, eino_curves_01, eino_curves_03
D:15:     grunt_enter_depths_snipers, layout_loops_ring,
          nicolae_ru_the_path_less_chosen, serial_rivers,
          chequers_serial_rivers_micro_b, chequers_serial_rivers_large_a,
          chequers_serial_rivers_small_3, chequers_serial_rivers_small_a,
          amcnicky_mini_corridor_feature, uniq_azrael, uniq_agnes, uniq_jorgrun
Temple:   nicolae_temple_superstar
Lair:1:   layout_gridlike, infiniplex_staircase_pool_2, uniq_amaemon
Lair:2:   layout_regular_city, swamp_mist, lemuel_fruit_fields
Lair:3:   layout_roguey, minmay_snake_entry_guardpost_small, worms_lemuel
Lair:4:   layout_roguey, basic_altar, lemuel_fruit_fields
Lair:5:   minmay_lair_end_frog_pond, layout_loops_ring,
          nicolae_slime_entry_field_trip, nicolae_lair_grove_arrangements,
          nicolae_lair_time_for_slime
Swamp:1:  layout_basic_swamp, evilmike_swamp_ruin_house_2, swamp_pool1,
          infiniplex_staircase_pool
Orc:1:    layout_diamond_mine, serial_shops, shop
Orc:2:    st_orc_town, layout_caves, basic_altar,
          portal_ice_cave_entry_ice_simulacra, nicolae_orc_damp_corner,
          nicolae_specific_store

Skill      XL: |  1  2  3  4  5  6  7  8  9 10 11 12 13 14 15 |
---------------+----------------------------------------------+-----
Fighting       | 2 3 5 6 8 9 11 12 13 14 16 | 16.2
Ranged Weapons | 3 4 5 7 9 10 12 | 12.3
Dodging        | 3 4 5 6 7 |  7.2
Long Blades    | 1 2 4 6 8 10 13 14 | 14.0
Translocations | 1 2 |  2.0
Armour         | 1 3 5 7 9 10 12 13 14 15 | 15.8
Transmutations | 1 2 |  2.0
Spellcasting   | 2 |  2.0
Evocations     | 3 5 6 7 |  7.1
Shields        | 5 8 11 12 | 12.0
Hexes          | |  2.0

Action                     |  1- 3 |  4- 6 |  7- 9 | 10-12 | 13-15 || total
---------------------------+-------+-------+-------+-------+-------++-------
  Melee: Demon blade       |       |    90 |   238 |   599 |  1139 ||  2066
         Headbutt          |       |    13 |    52 |   139 |   336 ||   540
         Punch             |       |     1 |     4 |     6 |       ||    11
         Long sword        |       |       |       |       |     5 ||     5
   Fire: Sling             |   114 |    29 |     9 |    20 |    65 ||   237
         Hand crossbow     |       |       |       |       |    60 ||    60
   Cast: Slow              |     7 |     3 |     5 |       |       ||    15
 Invoke: Potion Petition   |       |       |       |       |     2 ||     2
  Evoke: Wand              |       |       |     3 |       |     5 ||     8
         Condenser vane    |       |       |       |     1 |     2 ||     3
         Tin of tremorston |       |       |       |       |     3 ||     3
         Phantom mirror    |       |       |       |       |     1 ||     1
    Use: Scroll            |       |     8 |     1 |     9 |    10 ||    28
         Potion            |       |     1 |       |       |     4 ||     5
   Stab: Sleeping          |       |     2 |       |       |       ||     2
         Distracted        |       |       |     1 |     3 |     7 ||    11
         Confused          |       |       |       |       |     4 ||     4
 Armour: Robe              |     9 |     6 |       |       |       ||    15
         Scale mail        |       |    27 |    34 |       |       ||    61
         Chain mail        |       |       |    55 |    20 |     2 ||    77
         Plate armour      |       |       |       |   158 |   252 ||   410
         Skin              |       |       |       |       |    41 ||    41
  Dodge: Dodged            |    27 |    74 |    93 |   158 |   209 ||   561
  Block: Other             |       |       |     8 |    66 |       ||    74
         Reflection        |       |       |     1 |     2 |    41 ||    44
         Kite shield       |       |       |       |    61 |   786 ||   847

Table legend: (Time is in decaauts)
 A = Elapsed time spent in this place.
 B = Non-inter-level travel time spent in this place.
 C = Inter-level travel time spent in this place.
 D = Time resting spent in this place.
 E = Time spent auto-exploring this place.
 F = Levels seen in this place.
 G = Mean time per level.
                   A        B        C        D        E       F      G
               +--------+--------+--------+--------+--------+-----+--------+
         Total |  29937 |  27459 |   2478 |   2862 |  18696 |  27 | 1108.8 |
       Dungeon |  17782 |  15990 |   1792 |   1715 |  11054 |  15 | 1185.5 |
        Temple |     95 |     83 |     12 |      0 |     67 |   1 |   95.0 |
          Lair |   7664 |   7113 |    551 |    684 |   5062 |   5 | 1532.8 |
         Swamp |    494 |    494 |      0 |    111 |    274 |   1 |  494.0 |
  Orcish Mines |   2154 |   2032 |    122 |      0 |   1525 |   2 | 1077.0 |
         Sewer |    215 |    215 |      0 |     64 |      0 |   1 |  215.0 |
        Bailey |    490 |    490 |      0 |     16 |    273 |   1 |  490.0 |
      Ice Cave |   1038 |   1038 |      0 |    270 |    439 |   1 | 1038.0 |
               +--------+--------+--------+--------+--------+-----+--------+

Top non-repeatable levels by time:
    D:13: 2446 daAuts
  Lair:1: 2200 daAuts
  Lair:5: 1867 daAuts
     D:9: 1734 daAuts
     D:7: 1694 daAuts
    D:12: 1574 daAuts
   Orc:2: 1414 daAuts
    D:11: 1338 daAuts
    D:10: 1287 daAuts
     D:3: 1268 daAuts
  Lair:3: 1259 daAuts
     D:4: 1213 daAuts
  Lair:2: 1207 daAuts
  Lair:4: 1130 daAuts
     D:5: 1108 daAuts
